 Dungeon Crawl Stone Soup version 0.17.1-3-g152610e (webtiles) character file.

5092 Peloso the Protected (level 10, -2/91 HPs)
             Began as a Minotaur Fighter on Apr 29, 2016.
             Was a Follower of Okawaru.
             Slain by a killer bee (6 damage)
             ... on level 8 of the Dungeon.
             The game lasted 00:24:41 (8396 turns).

Peloso the Protected (Minotaur Fighter)             Turns: 8396, Time: 00:24:41

Health: -2/91      AC: 15    Str: 21    XL:     10   Next: 32%
Magic:  9/9        EV:  7    Int:  5    God:    Okawaru [*.....]
Gold:   414        SH: 12    Dex: 13    Spells: 0 memorised, 9 levels left

rFire  . . .     SeeInvis .     a - +1 long sword
rCold  . . .     Clarity  .     f - +0 plate armour
rNeg   . . .     SustAt   +     c - +0 shield
rPois  .         Gourm    +     (helmet restricted)
rElec  .         Spirit   .     (no cloak)
rCorr  .         Warding  .     (no gloves)
rMut   .         Stasis   .     p - +0 pair of boots
MR     .....                    G - amulet of the gourmand
Stlth  ..........               m - ring of invisibility
                                j - ring of sustain attributes

@: lethally poisoned (-2 -> -6), not resistant to hostile enchantments,
extremely unstealthy
A: retaliatory headbutt, horns 2
a: Heroism, Renounce Religion, Evoke Invisibility


You were on level 8 of the Dungeon.
You worshipped Okawaru.
Okawaru was aware of your devotion.
You were not hungry.

You visited 2 branches of the dungeon, and saw 11 of its levels.

You collected 414 gold pieces.

Inventory:

Hand Weapons
 a - a +1 long sword (weapon)
 u - a +4 war axe
Armour
 c - a +0 shield (worn)
 f - a +0 plate armour (worn)
 p - a +0 pair of boots (worn)
Jewellery
 j - a ring of sustain attributes (left hand)
 l - an uncursed amulet of clarity
 m - a ring of invisibility (right hand)
 t - an uncursed amulet of guardian spirit
 y - an uncursed amulet of clarity
 G - an amulet of the gourmand (around neck)
Wands
 d - a wand of lightning (0)
 x - a wand of cold (0)
 A - a wand of slowing (25)
Scrolls
 b - 4 scrolls of magic mapping
 i - a scroll of recharging
 o - a scroll of fog
 q - 6 scrolls of remove curse
 B - a scroll of enchant armour {unknown}
 E - 4 scrolls of identify
Potions
 g - 3 potions of heal wounds
 h - 3 potions of curing {unknown}
 k - a potion of cure mutation
 n - 3 potions of haste
 r - 2 potions of magic {unknown}
 s - a potion of lignification {unknown}
 z - a potion of invisibility {unknown}
 C - a potion of ambrosia {unknown}
 D - a potion of resistance {unknown}
 F - a potion of degeneration {unknown}
Comestibles
 e - a bread ration
 w - a meat ration


   Skills:
 + Level 9.1 Fighting
 + Level 9.2 Long Blades
 + Level 10.0 Armour
 + Level 2.7 Dodging
 + Level 1.4 Stealth
 + Level 9.7 Shields
 + Level 1.0 Evocations


You had 9 spell levels left.
You didn't know any spells.

Dungeon Overview and Level Annotations

Branches:
Dungeon (10/15)            Temple (1/1) D:4
   Lair: D:8-11         Orc: D:9-12

Altars:
Ashenzari
Cheibriados
Dithmenos
Elyvilon
Fedhas
Gozag
Kikubaaqudgha
Makhleb
Nemelex Xobeh
Okawaru
Qazlal
Ru
Sif Muna
Trog
Xom
Yredelemnul
Zin
The Shining One

Shops:
D:7 *   D:10 }

Annotations:
D:6 Prince Ribbit


Innate Abilities, Weirdness & Mutations

You reflexively headbutt those who attack you in melee.
You have a pair of horns on your head.


Message History

You hit the killer bee but do no damage.
You headbutt the killer bee, but do no damage.
The killer bee closely misses you. You block the crimson imp's attack.
The killer bee stings you but does no damage.
You miss the killer bee. The killer bee stings you.
* * * LOW HITPOINT WARNING * * *
You are poisoned.
The killer bee poisons you! You block the killer bee's attack.
The crimson imp barely misses you.
Your shield and plate armour prevent you from hitting the killer bee.
You feel sick. The killer bee stings you.
* * * LOW HITPOINT WARNING * * *
You are lethally poisoned!
The killer bee poisons you!
The crimson imp blinks!
You block the killer bee's attack.
You hit the killer bee.
The killer bee is lightly wounded.
* * * LOW HITPOINT WARNING * * *
You feel sick. The killer bee stings you.
You die...

###..O........##O#
#.#
##................#
#.#
##...##########.####
#.# #.....##### #)#
#.# ##.........# #.#
#.# .#..(..###.# #)#
#.# .#....## #.#
##.## .#.#.## #5#
#...##### ...#.# #@#
#.......# .###.#
#.####y# #...###.#
.# #.. #...yy# #####
#)# .# ### #.######
#.# .# #.# .# #.# .#
#)# .# #.# .# #.#


You could see 3 killer bees and a crimson imp.

Vanquished Creatures
  Erolcha (D:8)
  Pikel (D:7)
  The ghost of denis1488 the Slasher, an amateur HuFi (D:3)
  2 deep elf magi (D:9)
  2 hungry ghosts
  A sky beast (D:6)
  4 ice beasts
  2 water moccasins
  3 orc warriors
  A slave (D:7)
  5 ogres
  A necrophage (D:9)
  2 centaurs
  3 giant frogs
  A scorpion (D:7)
  12 killer bees
  A giant frog skeleton (D:6)
  2 crimson imps
  2 hounds
  4 orc priests
  A centaur skeleton (D:9)
  4 orc wizards
  3 worker ants
  A hound zombie (D:7)
  4 gnolls (D:4)
  A worker ant zombie (D:6)
  10 adders
  2 shadow imps (D:5)
  An ooze (D:2)
  3 worms
  4 adder skeletons
  2 adder zombies
  7 giant geckos
  36 orcs
  3 bats
  2 giant cockroaches
  2 goblins
  4 hobgoblins
  12 jackals
  2 quokkas
  4 ball pythons
  6 giant newts
  3 kobolds
  4 rats
172 creatures vanquished.

Vanquished Creatures (others)
  A giant frog (D:7)
1 creature vanquished.

Grand Total: 173 creatures vanquished

Notes
Turn   | Place    | Note
--------------------------------------------------------------
     0 | D:1      | Peloso the Minotaur Fighter began the quest for the Orb.
     0 | D:1      | Reached XP level 1. HP: 19/19 MP: 0/0
   642 | D:2      | Reached skill level 4 in Armour
   670 | D:2      | Reached XP level 2. HP: 27/27 MP: 1/1
   855 | D:2      | Reached XP level 3. HP: 30/33 MP: 2/2
   941 | D:2      | Reached XP level 4. HP: 38/40 MP: 3/3
  1364 | D:3      | Noticed denis1488's ghost (amateur HuFi)
  1556 | D:3      | Killed denis1488's ghost
  1556 | D:3      | Reached skill level 5 in Armour
  1556 | D:3      | Reached skill level 5 in Shields
  1556 | D:3      | Reached XP level 5. HP: 43/47 MP: 4/4
  1556 | D:3      | Reached XP level 6. HP: 50/55 MP: 5/5
  1648 | D:3      | Reached skill level 5 in Fighting
  2472 | D:4      | Found a staircase to the Ecumenical Temple.
  2674 | Temple   | Entered the Ecumenical Temple
  3317 | D:5      | Entered Level 5 of the Dungeon
  3616 | D:5      | Reached skill level 6 in Armour
  3616 | D:5      | Reached XP level 7. HP: 61/61 MP: 6/6
  3652 | D:5      | Noticed a water moccasin
  3690 | D:4      | Killed a water moccasin
  3690 | D:4      | Reached skill level 5 in Long Blades
  3695 | D:4      | HP: 3/62 [poisoned by a water moccasin]
  3701 | D:4      | HP: 2/62 [poisoned by a water moccasin]
  3709 | D:4      | HP: 2/62 [poisoned by a water moccasin]
  4068 | D:5      | Found a sparkling altar of Nemelex Xobeh.
  4069 | D:5      | Found an opulent altar of Gozag.
  4177 | D:5      | Reached skill level 7 in Armour
  4177 | D:5      | Reached XP level 8. HP: 69/71 MP: 7/7
  4670 | D:5      | Found a deep blue altar of Sif Muna.
  4885 | D:6      | Noticed Prince Ribbit
  4944 | D:6      | Found a white marble altar of Elyvilon.
  4944 | D:6      | Found an ancient bone altar of Kikubaaqudgha.
  5702 | D:6      | Reached skill level 1 in Dodging
  6117 | D:7      | Reached skill level 8 in Armour
  6120 | D:7      | Reached skill level 1 in Stealth
  6532 | D:7      | Found Dourarif's General Store.
  6562 | D:7      | Reached XP level 9. HP: 66/79 MP: 8/8
  6799 | D:7      | Found a shadowy altar of Dithmenos.
  6821 | D:7      | Reached skill level 9 in Armour
  6854 | D:7      | Noticed Pikel
  6982 | D:7      | Killed Pikel
  7281 | D:8      | You fall through a shaft for 2 floors!
  7281 | D:10     | Entered Level 10 of the Dungeon
  7329 | D:9      | Found a bloodstained altar of Trog.
  7331 | D:9      | Found a shattered altar of Ashenzari.
  7332 | D:9      | Found a sacrificial altar of Ru.
  7334 | D:9      | Found a shimmering altar of Xom.
  7544 | D:9      | Reached XP level 10. HP: 68/90 MP: 9/9
  7736 | D:9      | Found an iron altar of Okawaru.
  7747 | D:9      | Became a worshipper of Warmaster Okawaru
  8129 | D:9      | You fall through a shaft!
  8167 | D:10     | Found Ifigint's Gadget Shoppe.
  8318 | D:8      | Noticed Erolcha
  8369 | D:8      | Killed Erolcha
  8369 | D:8      | Reached * piety under Okawaru
  8369 | D:8      | Reached skill level 10 in Armour
  8369 | D:8      | Reached skill level 1 in Evocations
  8395 | D:8      | HP: 4/91 [killer bee (6)]
  8396 | D:8      | Slain by a killer bee

Action                   |  1- 3 |  4- 6 |  7- 9 | 10-12 || total
-------------------------+-------+-------+-------+-------++-------
Melee: Long sword        |    82 |   110 |   432 |    51 ||   675
 Abil: Evoke Invisibilit |       |       |     1 |       ||     1
Evoke: Wand              |       |       |     7 |     2 ||     9
  Use: Potion            |       |     2 |     3 |       ||     5
       Scroll            |       |     6 |     7 |     2 ||    15
 Stab: Invisible         |       |       |     2 |       ||     2
  Eat: Chunk             |       |     8 |     9 |     7 ||    24
       Fruit             |       |       |     4 |       ||     4
       Bread ration      |       |       |     1 |       ||     1
       Royal jelly       |       |       |     1 |       ||     1
